Map: Cerulean Fall LE

Players

Creator

  • Race: Protoss Protoss
  • League: Master
  • Spawn Location: 7:00

Kelazhur - Winner!

  • Race: Terran Terran
  • League: Master
  • Spawn Location: 1:00

Event: HomeStory Cup XVIII

VOD

Have the link to the VOD?

Description

Time

  • Played on: Nov. 22, 2018, 3:58 p.m.
  • Length: 14:42

All games in this series

Show
View Real Time Build Order
Export as new Build Order

Creator Protoss 

Build Orders: 1 Gate Expand, Archon Immortal 

Get SALT Encoding   

  12  0:00  Probe  
  13  0:12  Probe  
  14  0:17  Pylon  
  14  0:24  Probe  
  15  0:32  Probe  
  15  0:37  Gateway  
  15  0:40  Probe  
  16  0:47  Assimilator  
  17  0:51  Probe  
  18  1:03  Probe  
  19  1:15  Probe  
  20  1:26  Nexus  
  20  1:36  Cybernetics Core  
  21  1:40  Zealot  
  22  1:50  Pylon  
  22  1:56  Probe  
  22  2:01  Assimilator  
  23  2:10  Probe  
  23  2:14  Adept  
  26  2:27  Robotics Facility  
  26  2:29  Probe  
  26  2:31  Stalker  
  26  2:38  Probe  
  29  2:50  Warp Gate  
  29  2:55  Probe x2  
  31  3:00  Shield Battery  
  31  3:08  Stalker, Immortal  
  37  3:25  Probe  
  37  3:26  Probe  
  39  3:38  Pylon, Warp Prism  
  39  3:47  Probe x2  
  41  3:57  Pylon  
  41  3:59  Probe x2  
  43  4:09  Probe x2  
  43  4:11  Gateway  
  43  4:14  Observer  
  46  4:18  Probe x2  
  48  4:28  Probe x2  
  49  4:40  Gateway  
  49  4:42  Twilight Council  
  49  4:43  Immortal  
  53  4:46  Probe  
  53  4:47  Probe  
  53  4:52  Pylon  
  55  4:53  Sentry  
  55  4:58  Blink  
  55  4:59  Probe x2  
  59  5:11  Probe x2  
  61  5:18  Assimilator  
  61  5:20  Assimilator  
  61  5:21  Gateway  
  61  5:22  Gateway  
  61  5:29  Probe x2  
  61  5:32  Gateway  
  61  5:33  Sentry  
  65  5:41  Probe x2  
  67  5:53  Probe x2  
  68  6:00  Pylon  
  68  6:03  Pylon, Nexus, Observer  
  68  6:05  Pylon  
  68  6:11  Probe x2  
  70  6:19  Stalker x3  
  70  6:20  Stalker  
  78  6:29  Stalker x2  
  78  6:31  Probe x2  
  84  6:40  Forge  
  84  6:43  Probe x2  
  85  6:51  Charge  
  85  6:55  Probe x2  
  85  6:56  Protoss Ground Weapons Level 1  
  85  7:00  Gateway  
  85  7:01  Gateway, Templar Archives  
  87  7:08  Stalker x2  
  91  7:12  Probe x2  
  93  7:17  Probe  
  94  7:24  Pylon, Probe  
  94  7:25  Probe  
  94  7:26  Psionic Storm  
  94  7:29  Probe  
  97  7:34  Observer  
  97  7:37  Zealot x3  
  100  7:39  High Templar x2  
  100  7:42  Pylon  
  106  7:45  Assimilator  
  106  7:47  Assimilator  
  106  7:51  Probe x3  
  109  7:58  Immortal  
  113  8:00  Forge  
  113  8:12  High Templar x2  
  117  8:13  Zealot x4  
  117  8:18  Photon Cannon, Archon  
  117  8:19  Shield Battery  
  125  8:21  Shield Battery  
  125  8:23  Protoss Ground Armor Level 1  
  125  8:39  Nexus  
  125  8:42  Pylon  
  125  8:45  Pylon  
  125  8:46  Pylon  
  125  8:50  Protoss Ground Weapons Level 2  
  125  8:51  Pylon  
  125  8:58  Robotics Bay  
  125  9:00  Probe x3, Robotics Facility  
  128  9:06  High Templar, Zealot x2  
  128  9:07  Zealot  
  128  9:09  Stalker  
  137  9:14  High Templar  
  139  9:21  Observer  
  140  9:24  High Templar  
  140  9:26  Archon  
  140  9:27  Stalker x2  
  140  9:30  Zealot x2  
  147  9:36  Zealot  
  147  9:39  Stalker  
  129  9:53  Immortal  
  129  9:56  Nexus, Zealot  
  129  9:57  Zealot x6  
  129  9:59  Colossus  
  149  10:19  Pylon  
  149  10:20  Pylon  
  149  10:22  Pylon  
  149  10:23  Extended Thermal Lance  
  149  10:28  Protoss Ground Armor Level 2, Observer  
  149  10:29  Colossus  
  155  10:44  High Templar x2  
  155  10:47  Zealot  
  155  10:48  Stalker  
  163  10:52  Stalker  
  163  10:56  Zealot  
  165  10:58  Zealot  
  165  11:01  Zealot  
  157  11:14  Colossus  
  157  11:15  Archon  
  151  11:22  Probe x4  
  151  11:23  Zealot x3  
  151  11:24  Disruptor  
  126  11:42  Zealot x4  
  126  11:44  Observer  
  110  11:53  Stalker x4  
  102  12:04  Probe x3  
  102  12:06  Colossus  
  102  12:07  Probe  
  106  12:12  Probe  
  106  12:13  Probe x2  
  106  12:15  Sentry  
  114  12:18  Immortal  
  114  12:19  Probe  
  118  12:27  High Templar x2, Zealot  
  128  12:34  Archon, Probe x4  
  132  12:37  Stalker  
  134  12:48  Warp Prism  
  134  12:53  Zealot  
  134  12:54  Zealot x4  
  145  13:03  Zealot  
  145  13:04  Zealot  
  143  13:17  Zealot x3  
  143  13:18  Stalker  
  142  13:22  High Templar  
  142  13:26  Zealot x2  
  146  13:32  Zealot  
  142  13:39  Zealot  
  140  13:43  Nexus  
  140  13:44  High Templar  
  140  13:45  Zealot, Stalker  
  141  13:52  Zealot  
  141  13:53  Zealot x2  
  139  13:56  Zealot  
  92  14:10  Zealot x3  
  92  14:15  Zealot x3  
  102  14:18  Zealot x2  
  92  14:32  Zealot x3  
  92  14:36  Zealot  
  92  14:37  Zealot x2  
Show
View Real Time Build Order
Export as new Build Order

Kelazhur Terran - Winner!

Build Orders: Cyclone Opening 

Get SALT Encoding   

  12  0:00  SCV  
  13  0:13  SCV  
  14  0:17  Supply Depot  
  14  0:25  SCV  
  15  0:39  Barracks, SCV  
  16  0:45  Refinery  
  16  0:51  SCV  
  16  0:56  Refinery  
  17  1:03  SCV  
  18  1:15  SCV  
  19  1:27  Reaper, Orbital Command  
  20  1:44  Factory  
  20  1:55  SCV  
  20  1:57  Supply Depot, Bunker  
  21  2:07  SCV  
  22  2:19  SCV  
  23  2:28  Factory Tech Lab  
  23  2:32  Command Center, SCV  
  25  2:44  SCV  
  25  2:45  Starport  
  25  2:49  Cyclone  
  28  2:57  SCV  
  29  2:59  Supply Depot  
  29  3:09  Barracks Tech Lab  
  29  3:10  SCV  
  30  3:22  Siege Tank  
  30  3:25  SCV  
  34  3:37  SCV  
  35  3:44  Orbital Command  
  35  3:49  SCV  
  35  3:50  Marine  
  35  3:51  Barracks  
  35  3:52  Barracks  
  37  3:56  Raven  
  37  4:01  SCV  
  40  4:11  Marine, SCV  
  40  4:13  Supply Depot  
  40  4:14  SCV  
  43  4:17  Refinery  
  43  4:23  SCV  
  44  4:25  Siege Tank  
  44  4:26  SCV  
  44  4:29  Marine  
  49  4:35  SCV  
  49  4:38  SCV  
  51  4:39  Viking  
  53  4:47  Marine, SCV  
  53  4:48  Supply Depot  
  53  4:50  Marine, SCV  
  58  4:54  Supply Depot, Barracks Tech Lab  
  58  4:57  Refinery  
  58  4:59  SCV  
  58  5:04  SCV  
  58  5:05  Marine  
  59  5:17  Marine x2, Siege Tank  
  59  5:18  SCV  
  65  5:22  Supply Depot  
  65  5:26  Stimpack  
  65  5:28  SCV  
  66  5:31  SCV  
  67  5:38  Command Center  
  67  5:40  SCV  
  67  5:41  Marine, Combat Shield  
  70  5:43  Starport Reactor, Marine, Barracks Reactor  
  70  5:44  SCV  
  71  5:52  SCV  
  71  5:56  Engineering Bay  
  72  5:59  Barracks  
  72  6:02  Barracks, SCV  
  72  6:03  Marine x2  
  75  6:04  SCV  
  75  6:07  Siege Tank  
  79  6:14  SCV  
  79  6:16  SCV  
  81  6:21  Marine x2  
  81  6:22  Marine x2, Terran Infantry Weapons Level 1  
  85  6:33  Supply Depot, Medivac x2  
  85  6:34  Supply Depot  
  86  6:40  Supply Depot  
  86  6:49  Marine, Siege Tank  
  86  6:50  Marine, Barracks Reactor  
  86  6:51  Marine x2  
  86  6:53  Orbital Command  
  93  6:57  Barracks  
  93  6:59  Supply Depot  
  93  7:00  Barracks  
  93  7:06  Supply Depot  
  92  7:08  Medivac x2  
  92  7:09  Marine  
  97  7:16  Marine x2  
  97  7:17  Marine  
  97  7:19  Marine  
  101  7:30  Marine  
  101  7:33  Marine x3  
  101  7:34  Marine x2  
  101  7:36  Siege Tank  
  108  7:37  Marine  
  108  7:42  Armory  
  108  7:43  Orbital Command  
  109  7:48  Engineering Bay, Marine  
  109  7:51  Marine x2  
  111  7:52  Medivac  
  113  8:02  Marine  
  114  8:10  SCV x2  
  114  8:11  SCV  
  114  8:12  Siege Tank  
  120  8:14  Marine  
  120  8:15  Marine x3  
  120  8:16  Terran Infantry Armor Level 1  
  120  8:18  Barracks Reactor x3  
  124  8:22  SCV  
  124  8:23  SCV x2  
  127  8:31  Missile Turret  
  127  8:32  Terran Infantry Weapons Level 2  
  127  8:33  Missile Turret  
  127  8:35  SCV x3  
  127  8:38  Marine  
  127  8:39  Marine x2  
  133  8:44  Siege Tank  
  137  8:51  Supply Depot  
  137  8:52  Marine  
  137  8:53  Marine  
  137  8:55  Marine  
  139  8:56  Supply Depot  
  139  8:57  Supply Depot  
  139  9:03  Supply Depot  
  139  9:06  Marine x2  
  140  9:16  Marine x7  
  145  9:19  Siege Tank  
  148  9:24  Marine x4, Medivac x2  
  148  9:30  Supply Depot  
  156  9:31  Marine, Command Center  
  157  9:38  Sensor Tower  
  152  9:47  Marine x11  
  152  9:51  Siege Tank  
  162  9:57  Marine  
  155  10:04  Marine  
  155  10:06  Marine x10  
  163  10:15  Marine  
  163  10:19  Terran Vehicle Weapons Level 1  
  164  10:21  Terran Infantry Armor Level 2  
  164  10:22  Marine  
  164  10:23  Siege Tank  
  164  10:24  Marine x2  
  164  10:26  Marine  
  171  10:28  Missile Turret  
  171  10:34  Medivac x2  
  171  10:35  Marine x2  
  177  10:42  Marine  
  178  10:45  Marine  
  178  10:46  Marine x5  
  184  10:50  Marine x2  
  184  10:54  Marine x3  
  189  11:00  Marine  
  189  11:03  Marine  
  186  11:16  Medivac x2  
  187  11:19  Siege Tank  
  187  11:21  Marine x6  
  187  11:22  Terran Infantry Weapons Level 3  
  187  11:25  Supply Depot  
  196  11:31  Marine  
  196  11:32  Marine x3  
  196  11:33  Marine x2  
  196  11:38  Marine  
  148  11:45  Marine  
  148  11:46  Marine  
  128  11:47  Marine x3  
  128  11:49  Marine  
  128  11:50  Marine x3  
  128  11:51  Marine x2  
  131  11:56  Marine  
  130  12:02  SCV x3  
  130  12:03  Marine  
  130  12:04  Marine  
  130  12:05  Marine x3  
  130  12:07  Marine x2  
  130  12:08  Marine x2  
  139  12:09  Marine  
  139  12:11  Barracks  
  139  12:12  Barracks x2  
  139  12:13  Marine  
  139  12:14  Marine, SCV  
  144  12:16  Planetary Fortress  
  144  12:18  Sensor Tower  
  144  12:20  Marine  
  144  12:22  Marine x3  
  146  12:24  Marine  
  146  12:25  Marine x3  
  146  12:27  Marine x2  
  146  12:29  Siege Tank  
  157  12:31  Marine  
  157  12:32  Marine  
  159  12:38  Marine  
  159  12:40  Marine  
  159  12:44  Marine x7  
  161  12:45  Marine  
  160  12:53  Marine  
  160  12:58  Marine x5  
  163  13:01  Marine, Siege Tank  
  163  13:30  Medivac x2  
  163  13:31  Marine x11  
  171  13:45  Marine  
  171  13:46  Marine x3  
  174  13:48  Marine  
  174  13:49  Marine x5  
  174  13:51  Marine  
  174  13:55  Marine x4  
  177  14:00  Medivac x2  
  175  14:03  Marine x4  
  173  14:10  Marine x7  
  173  14:13  Marine x3  
  182  14:17  Marine  
  196  14:31  Command Center  
Tags
 
Add a new tag
Caveats
  • Supply blocks, unpowered buildings, or Contaminate may cause inaccurate times.
  • Supply counts are checked every 10 seconds.